 Dungeon Crawl Stone Soup version 0.28-a0-653-g7e9dba17c3 (webtiles) character file.

Game seed: 9033802722285211030

7 lawman0 the Covert (level 2, 0/29 HPs)
             Began as a Gnoll Delver on Oct 11, 2021.
             Slain by an orc (3 damage)
             ... on level 5 of the Dungeon.
             The game lasted 00:00:25 (260 turns).

lawman0 the Covert (Gnoll Delver)                    Turns: 260, Time: 00:00:26

Health: 0/29       AC:  3    Str: 11    XL:     2   Next: 0%
Magic:  2/2        EV: 13    Int:  9    God:
Gold:   0          SH:  0    Dex: 13    Spells: 1/1 levels left

rFire   . . .      SeeInvis .   a - +0 falchion
rCold   . . .      Faith    .   (no shield)
rNeg    . . .      Spirit   .   b - +0 leather armour
rPois   .          Reflect  .   (no helmet)
rElec   .          Harm     .   (no cloak)
rCorr   .          Rampage  .   (no gloves)
Will    .....                   (no boots)
Stlth   ++++......              (no amulet)
HPRegen 0.09/turn               (no ring)
MPRegen 0.08/turn               (no ring)

@: no status effects
A: fangs 1, strong nose, distributed training
a: no special abilities


You were on level 5 of the Dungeon.
You visited 1 branch of the dungeon, and saw 1 of its levels.

Inventory:

Hand Weapons
 a - a +0 falchion (weapon)
Armour
 b - a +0 leather armour (worn)
 h - a +0 pair of boots
Wands
 g - a wand of digging (3)
Scrolls
 c - a scroll of fog
 d - a scroll of teleportation {unknown}
 e - a scroll of fear
Potions
 f - a potion of haste


   Skills:
 + Level 6.4 Fighting
 + Level 0.2 Short Blades
 + Level 4.4 Long Blades
 + Level 0.2 Axes
 + Level 0.2 Maces & Flails
 + Level 0.2 Polearms
 + Level 0.2 Staves
 + Level 0.2 Slings
 + Level 0.2 Bows
 + Level 0.2 Crossbows
 + Level 0.2 Throwing
 + Level 0.2 Armour
 + Level 4.4 Dodging
 + Level 9.5 Stealth
 + Level 0.2 Shields
 + Level 0.2 Unarmed Combat
 + Level 0.2 Spellcasting
 + Level 0.1 Conjurations
 + Level 0.1 Hexes
 + Level 0.1 Summonings
 + Level 0.1 Necromancy
 + Level 0.1 Translocations
 + Level 0.1 Transmutations
 + Level 0.1 Fire Magic
 + Level 0.1 Ice Magic
 + Level 0.1 Air Magic
 + Level 0.1 Earth Magic
 + Level 0.1 Poison Magic
 + Level 0.3 Invocations
 + Level 0.2 Evocations


You had one spell level left.
You didn't know any spells.
Your spell library was empty.

Dungeon Overview and Level Annotations

Branches:
Dungeon (5/15)
 Temple: D:4-7

Altars:

Annotations:
D:5 1 runed translucent door, Crazy Yiuf


Innate Abilities, Weirdness & Mutations

You have very sharp teeth.
Your uncanny sense of smell can sniff out nearby items.
Your experience applies equally to all skills.


Message History

You slash the dart slug!
You kill the dart slug!
You have reached level 2!
You start resting.
HP restored.
Found 12 gold pieces.
A water moccasin comes into view.
Found 7 gold pieces.
A shadow imp comes into view.
Found a pair of boots.
A two-headed ogre comes into view.
It is wielding a +0 giant club and a +0 giant spiked club.
You see here a +0 pair of boots.
An orc and a zombie come into view.
Found 24 stones.
The orc shouts!
You hear a shout! x2; The two-headed ogre shouts in stereo!
The orc moves out of view.
An orc comes into view. It is wielding a +0 morningstar.
The orc moves out of view.
You see here a +0 pair of boots.
h - a +0 pair of boots An orc comes into view.
It is wielding a +0 dagger.
The orc shouts!
You hit the two-headed ogre.
The two-headed ogre is lightly wounded.
The two-headed ogre misses you.
The two-headed ogre hits you with a +0 giant spiked club!!
Ouch! That really hurt!
* * * LOW HITPOINT WARNING * * *
You hear a shout!
An orc wizard comes into view. It is wielding a +0 dagger.
Found a stone staircase leading up.
Unknown command.
Found a stone staircase leading up.
The orc closely misses you.
An orc comes into view. It is wielding a +0 flail.
The orc hits you with a +0 dagger.
* * * LOW HITPOINT WARNING * * *
Unknown command.
Found 10 gold pieces.
The orc completely misses you. The orc misses you.
The orc hits you with a +0 dagger.
You die...

,,,,,* *,,,,,,,* ****+**,*,,,
,,,,** *,,,,,*** *,,,,,*,, ,,,,*
*,,,,,* *#####**,,,,*,,
,,,,**************#....###.5..#,*
,,,,,,,,,,,,,,,,,,.....+,.....#,,
,**,*****######***#....#*#....##*
,,*,*****#.....####....# #.....,,
,,*,,,,,,$.............# #....###
,,*******...(.o.@O.....# #......#
,,*,,,*,+.....oooo.....# #......#
,,*,*,*,*.....Z#<##....# #......#
,,,,*+*,*......#.##.#+####......#
,,,,,,,,,.<...,#.#....#...###.###
*,,,,,,**#####*#.#..###.#.# #..#
,,,,,,,+,,*****#.#......#.# ##.##
*,,,,,,**,,,,,,..#..#####.# #..#
*,,,,,,,,,,******#.##***#.# ##..


You could see a two-headed ogre, an orc wizard, 4 orcs and a howler monkey
zombie.

Vanquished Creatures
  An adder zombie (D:5)
  A dart slug (D:5)
2 creatures vanquished.

Notes
Turn   | Place    | Note
-------+----------+-------------------------------------------
     0 | D:5      | Reached skill level 9 in Stealth
     0 | D:5      | lawman0 the Gnoll Delver began the quest for the Orb.
     0 | D:5      | Reached XP level 1. HP: 23/23 MP: 1/1
    11 | D:5      | Found a runed translucent door.
    12 | D:5      | Noticed Crazy Yiuf
    51 | D:5      | Reached XP level 2. HP: 13/29 MP: 2/2
   228 | D:5      | Noticed a water moccasin
   252 | D:5      | Noticed a two-headed ogre
   260 | D:5      | Slain by an orc

Illustrated notes

Levels and vault maps discovered:
D:5:      layout_basic, nicolae_sif_muna_little_library,
          kennysheep_generic_room_14, uniq_crazy_yiuf_cottage, uniq_ijyb

Skill      XL: | |
---------------+-+-----
Stealth        | |  9.5
Fighting       | |  6.4
Short Blades   | |  0.2
Long Blades    | |  4.4
Axes           | |  0.2
Maces & Flails | |  0.2
Polearms       | |  0.2
Staves         | |  0.2
Slings         | |  0.2
Bows           | |  0.2
Crossbows      | |  0.2
Throwing       | |  0.2
Armour         | |  0.2
Dodging        | |  4.4
Shields        | |  0.2
Unarmed Combat | |  0.2
Spellcasting   | |  0.2
Conjurations   | |  0.1
Hexes          | |  0.1
Summonings     | |  0.1
Necromancy     | |  0.1
Translocations | |  0.1
Transmutations | |  0.1
Fire Magic     | |  0.1
Ice Magic      | |  0.1
Air Magic      | |  0.1
Earth Magic    | |  0.1
Poison Magic   | |  0.1
Invocations    | |  0.3
Evocations     | |  0.2

Action                   || total
-------------------------++-------
Melee: Falchion          ||    12
  Use: Scroll            ||     1
Armor: Leather armour    ||     1
Dodge: Dodged            ||    11

Table legend: (Time is in decaauts)
 A = Elapsed time spent in this place.
 B = Non-inter-level travel time spent in this place.
 C = Inter-level travel time spent in this place.
 D = Time resting spent in this place.
 E = Time spent auto-exploring this place.
 F = Levels seen in this place.
 G = Mean time per level.
                   A        B        C        D        E       F      G
               +--------+--------+--------+--------+--------+-----+--------+
         Total |    260 |    260 |      0 |    172 |     27 |   1 |  260.0 |
       Dungeon |    260 |    260 |      0 |    172 |     27 |   1 |  260.0 |
               +--------+--------+--------+--------+--------+-----+--------+

Top non-repeatable levels by time:
     D:5: 260 daAuts
